 Dungeon Crawl Stone Soup version 0.20.1-1-g8b1a95d (webtiles) character file.

3929 renl the Destroyer (level 10, 0/68 (69) HPs)
             Began as a Black Draconian Conjurer on July 8, 2017.
             Succumbed to an orc warrior's poison
             ... on level 8 of the Dungeon on July 9, 2017.
             The game lasted 01:06:55 (8445 turns).

renl the Destroyer (Black Draconian Conjurer)       Turns: 8445, Time: 01:06:56

HP:   0/68 (69)     AC:  9    Str: 11    XL:     10   Next: 1%
MP:   0/15          EV: 14    Int: 19    God:
Gold: 344           SH:  0    Dex: 11    Spells: 5/16 levels left

rFire    . . .     SeeInvis .   w - staff of energy
rCold    + . .     Gourm    .   (no shield)
rNeg     . . .     Faith    .   (armour unavailable)
rPois    .         Spirit   +   (helmet restricted)
rElec    +         Reflect  .   (no cloak)
rCorr    .         Harm     .   s - +0 pair of gloves
MR       .....                  J - +0 pair of boots
Stlth    ++........             m - amulet of guardian spirit
Regen    0.3/turn               z - +2 ring of evasion
MPRegen  0.2/turn               M - ring of protection from cold

@: lethally poisoned (0 -> -48)
A: breathe lightning, unfitting armour, electricity resistance, cold-blooded, AC
+7
a: Breathe Lightning


You were on level 8 of the Dungeon.
You were not hungry.

You visited 2 branches of the dungeon, and saw 9 of its levels.

You collected 344 gold pieces.

Inventory:

Hand Weapons
 e - a +0 dagger
Armour
 s - a +0 pair of gloves (worn)
 J - a +0 pair of boots (worn)
Magical Staves
 w - an uncursed staff of energy (weapon)
Jewellery
 m - an amulet of guardian spirit (around neck)
 z - a +2 ring of evasion (left hand)
 M - a ring of protection from cold (right hand)
Wands
 d - a wand of flame (6/48)
 B - a wand of flame (33/48)
 G - a wand of paralysis (15/24)
 K - a wand of disintegration (2/24)
 N - a wand of paralysis (5/24)
 P - a wand of flame (20/48)
Scrolls
 c - a scroll of amnesia {unknown}
 h - 6 scrolls of remove curse
 i - 2 scrolls of magic mapping {unknown}
 j - 3 scrolls of recharging {unknown}
 l - 8 scrolls of identify
 o - 4 scrolls of teleportation {unknown}
 p - a scroll of fear {unknown}
 t - 2 scrolls of random uselessness {unknown}
 u - a scroll of noise {unknown}
 y - a scroll of enchant weapon {unknown}
 C - 3 scrolls of fog {unknown}
 E - 2 scrolls of enchant armour {unknown}
Potions
 f - 2 potions of magic {unknown}
 k - 2 potions of haste {unknown}
 n - 2 potions of lignification {unknown}
 r - a potion of invisibility {unknown}
 v - a potion of might {unknown}
 x - 2 potions of curing {unknown}
 A - a potion of heal wounds {unknown}
 D - 2 potions of flight {unknown}
 F - 3 potions of degeneration {unknown}
 H - a potion of cancellation {unknown}
 L - a potion of ambrosia {unknown}
Books
 a - a book of Conjurations

   Spells                             Type                      Level
   a - Magic Dart                     Conjuration                  1
   b - Searing Ray                    Conjuration                  2
   c - Dazzling Spray                 Conjuration/Hexes            3
   d - Fulminant Prism                Conjuration/Hexes            4
   e - Force Lance                    Conjuration/Translocation    4
   f - Iskenderun's Mystic Blast      Conjuration                  4
Comestibles
 b - 5 bread rations
 g - 4 meat rations
 q - 2 royal jellies
 I - 31 fruits
 O - 4 chunks of flesh


   Skills:
 - Level 1.7 Dodging
 - Level 1.7 Stealth
 + Level 3.8 Spellcasting
 + Level 13.8 Conjurations
 + Level 1.3 Evocations


You had 5 spell levels left.
You knew the following spells:

 Your Spells              Type           Power        Failure   Level  Hunger
a - Magic Dart            Conj           ####         1%          1    None
b - Searing Ray           Conj           ######       1%          2    None
c - Iskenderun's Mystic   Conj           ######..     1%          4    None
d - Force Lance           Conj/Tloc      ####....     8%          4    None


Dungeon Overview and Level Annotations

Branches:
Dungeon (8/15)             Temple (1/1) D:5
   Lair: D:8-11

Altars:
Ashenzari
Cheibriados
Dithmenos
Elyvilon
Fedhas
Gozag
Makhleb
Nemelex Xobeh
Okawaru
Qazlal
Ru
Sif Muna
Trog
Uskayaw
Xom
Yredelemnul
Zin
The Shining One

Shops:
D:5 [::}:

Annotations:
D:4 Dowan, Duvessa, Sigmund


Innate Abilities, Weirdness & Mutations

You can breathe wild blasts of lightning.
Your glossy black scales are hard. (AC +7)
You cannot fit into any form of body armour.
You are resistant to electric shocks. (rElec)
You are cold-blooded and may be slowed by cold attacks.


Message History

The orc warrior is severely wounded.
You feel sick.
The orc warrior hits you with a morningstar of venom!!
You are more poisoned.
The searing ray hits the orc warrior.
The orc warrior is almost dead.
You feel sick.
The orc warrior hits you with a morningstar of venom!!
* * * LOW HITPOINT WARNING * * *
You are more poisoned.
The searing ray hits the orc warrior.
You kill the orc warrior!
You have reached level 10!
You finish channeling your searing ray.
* * * LOW HITPOINT WARNING * * *
You feel very sick.
As you read the scroll labeled IMALYQ JALOEF, it crumbles to dust.
It is a scroll of identify.
h - 6 scrolls of remove curse You die...

###....########........
########...#..).....#...#####.
#.........##........[...# ..
#.........##.......<..### ...
#...................### ...
#...................# ..
#.......>..#........#
#........<.##.####...
#...........)@# ..##
#.........##..# #.#
############### #.


There were no monsters in sight!

Vanquished Creatures
  A two-headed ogre (D:8)
  Pikel (D:6)
  A hornet (D:8)
  2 ice beasts
  An orc warrior (D:8)
  A slave (D:6)
  A sky beast (D:7)
  A necrophage (D:7)
  4 ogres
  A big kobold (D:8)
  3 bullfrogs
  5 scorpions
  6 wights (D:6)
  2 jellies
  2 crimson imps
  A quasit (D:7)
  A bullfrog zombie (D:5)
  A centaur zombie (D:6)
  5 hounds
  2 centaur skeletons
  2 orc priests
  A bullfrog skeleton (D:5)
  3 iguanas
  3 orc wizards
  7 worker ants
  12 adders
  An ooze (D:1)
  3 adder skeletons
  4 worms
  4 dart slugs
  A leopard gecko (D:5)
  15 orcs
  2 giant cockroaches (D:7)
  14 goblins
  6 hobgoblins
  15 jackals
  9 kobolds
  4 quokkas
  2 ball pythons
  13 bats
  5 frilled lizards
  A leopard gecko skeleton (D:6)
  7 rats
176 creatures vanquished.

Vanquished Creatures (others)
  A wizard (D:5)
  A jackal (D:6)
  3 fungi (D:4)
5 creatures vanquished.

Grand Total: 181 creatures vanquished

Notes
Turn   | Place    | Note
-------+----------+-------------------------------------------
     0 | D:1      | renl the Draconian Conjurer began the quest for the Orb.
     0 | D:1      | Reached XP level 1. HP: 14/14 MP: 3/3
   124 | D:1      | Reached XP level 2. HP: 20/20 MP: 1/5
   128 | D:1      | Learned a level 2 spell: Searing Ray
   503 | D:1      | Reached skill level 5 in Conjurations
   520 | D:1      | Reached XP level 3. HP: 24/26 MP: 3/6
  1235 | D:2      | Found a sacrificial altar of Ru.
  1318 | D:2      | Reached XP level 4. HP: 33/33 MP: 3/7
  1807 | D:3      | Reached skill level 6 in Conjurations
  2368 | D:2      | Reached XP level 5. HP: 13/38 MP: 1/8
  2477 | D:3      | Learned a level 4 spell: Iskenderun's Mystic Blast
  2645 | D:3      | Found a sparkling altar of Nemelex Xobeh.
  2873 | D:3      | Found a stormy altar of Qazlal.
  2873 | D:3      | Found a shadowy altar of Dithmenos.
  2914 | D:3      | Found a white marble altar of Elyvilon.
  3109 | D:4      | Noticed an ogre
  3116 | D:4      | Reached skill level 7 in Conjurations
  3145 | D:4      | Killed an ogre
  3145 | D:4      | Reached XP level 6. HP: 39/45 MP: 1/9
  3377 | D:4      | Found an iron altar of Okawaru.
  3396 | D:4      | Reached skill level 8 in Conjurations
  3411 | D:4      | Noticed Sigmund
  3411 | D:4      | Noticed Dowan
  3414 | D:4      | Noticed Duvessa
  3666 | D:4      | Your scales start taking on a glossy black colour.
  3666 | D:4      | Reached XP level 7. HP: 50/50 MP: 5/10
  3666 | D:4      | Gained mutation: You are resistant to electric shocks. (rElec) [Black Draconian growth]
  3719 | D:5      | Entered Level 5 of the Dungeon
  3887 | D:5      | Reached skill level 9 in Conjurations
  4125 | D:5      | Found Noazommo's Book Shoppe.
  4167 | D:5      | Found Hineryv's Armour Boutique.
  4292 | D:5      | Found a staircase to the Ecumenical Temple.
  4305 | Temple   | Entered the Ecumenical Temple
  4661 | D:5      | Found Yclunkak's Gadget Boutique.
  4707 | D:5      | Reached skill level 10 in Conjurations
  4711 | D:5      | Found Erixt's Book Shop.
  4826 | D:5      | Found Zuiguoc's Book Boutique.
  4862 | D:5      | Reached XP level 8. HP: 57/57 MP: 2/11
  4895 | D:5      | Found a bloodstained altar of Trog.
  4896 | D:5      | Noticed a wizard
  4902 | D:5      | Killed a wizard
  5302 | D:6      | Learned a level 4 spell: Force Lance
  5559 | D:5      | Reached skill level 11 in Conjurations
  5705 | D:6      | Noticed Pikel
  5769 | D:6      | Killed Pikel
  5769 | D:6      | Reached skill level 12 in Conjurations
  5881 | D:6      | Reached XP level 9. HP: 33/62 MP: 4/12
  6948 | D:7      | Found a snail-covered altar of Cheibriados.
  7074 | D:7      | Reached skill level 1 in Evocations
  7145 | D:8      | Found a shattered altar of Ashenzari.
  7413 | D:7      | Reached skill level 13 in Conjurations
  8175 | D:8      | Noticed a two-headed ogre
  8183 | D:8      | Killed a two-headed ogre
  8444 | D:8      | Reached XP level 10. HP: 8/68 MP: 1/15
  8445 | D:8      | Succumbed to an orc warrior's poison

Skill      XL: |  1  2  3  4  5  6  7  8  9 |
---------------+----------------------------+-----
Conjurations   | 5 6 7 8 10 12 13 | 13.8
Evocations     | 1 |  1.3
Spellcasting   | 3 |  3.8
Dodging        | |  1.7
Stealth        | |  1.7

Action                   |  1- 3 |  4- 6 |  7- 9 | 10-12 || total
-------------------------+-------+-------+-------+-------++-------
Melee: Unarmed           |    15 |       |       |       ||    15
       Tailslap          |     3 |       |       |       ||     3
       Dagger            |    31 |    12 |    19 |       ||    62
       Staff             |       |       |    30 |       ||    30
 Cast: Magic Dart        |    47 |    72 |   136 |       ||   255
       Searing Ray       |     6 |    12 |    51 |       ||    69
       Iskenderun's Myst |       |       |     4 |       ||     4
 Abil: Breathe Lightning |       |       |     1 |       ||     1
Evoke: Wand              |       |       |     3 |       ||     3
  Use: Scroll            |       |       |       |     1 ||     1
 Stab: Sleeping          |       |     1 |     1 |       ||     2
       Distracted        |       |       |     1 |       ||     1
  Eat: Chunk             |     2 |     9 |    17 |       ||    28
Armor: Skin              |    21 |    13 |    62 |       ||    96
Dodge: Dodged            |    35 |    35 |   121 |       ||   191
